Map: Kairos Junction LE

Players

TIME (Oliveira)

  • Race: Terran Terran
  • Spawn Location: 5:00

Serral - Winner!

  • Race: Zerg Zerg
  • Spawn Location: 11:00

Event: 2019 WCS Spring

VOD

Have the link to the VOD?

Description

Time

  • Played on: May 19, 2019, 8:44 a.m.
  • Length: 6:06

All games in this series

Show
View Real Time Build Order
Export as new Build Order

TIME Terran 

Build Orders: Reaper Expand 

Get SALT Encoding   

  12  0:00  SCV  
  13  0:13  SCV  
  14  0:17  Supply Depot  
  14  0:25  SCV  
  15  0:38  SCV  
  15  0:39  Barracks  
  16  0:44  Refinery  
  16  0:50  SCV  
  17  1:02  SCV  
  18  1:14  SCV  
  19  1:27  Orbital Command, Reaper  
  20  1:39  Command Center  
  20  1:53  SCV, Supply Depot  
  21  1:59  Marine  
  22  2:06  SCV  
  23  2:09  Factory  
  23  2:12  Refinery  
  23  2:18  SCV  
  23  2:21  Barracks Reactor  
  24  2:26  Barracks Reactor  
  24  2:30  SCV  
  24  2:42  SCV  
  25  2:54  SCV  
  25  2:55  Starport  
  26  3:07  Hellion x2  
  26  3:08  SCV  
  31  3:15  Orbital Command  
  31  3:21  SCV  
  32  3:28  Hellion x2  
  32  3:34  Medivac  
  38  3:35  SCV  
  38  3:37  Marine  
  38  3:40  SCV  
  41  3:47  SCV  
  42  3:52  SCV  
  43  3:59  Factory Tech Lab, SCV, Supply Depot  
  43  4:01  Barracks Tech Lab  
  44  4:04  SCV, Liberator  
  45  4:14  SCV  
  46  4:21  SCV  
  46  4:22  Command Center  
  46  4:23  Supply Depot  
  50  4:26  Marine  
  50  4:29  SCV  
  52  4:33  SCV  
  53  4:41  SCV  
  53  4:43  Supply Depot  
  53  4:45  Marine, Siege Tank  
  58  4:47  SCV  
  59  4:54  Barracks  
  59  4:56  SCV, Barracks  
  59  4:59  SCV  
  61  5:02  Marine  
  61  5:06  Bunker  
  62  5:07  Starport Reactor  
  62  5:08  SCV  
  62  5:12  Supply Depot  
  63  5:20  Marine, Siege Tank  
  67  5:23  SCV  
  67  5:30  Engineering Bay  
  67  5:33  SCV  
  64  5:38  Marine, Refinery, Engineering Bay  
  64  5:39  Refinery  
  61  5:47  Marine x2  
Show
View Real Time Build Order
Export as new Build Order

Serral Zerg - Winner!

Build Orders: Pool First 

Get SALT Encoding   

  12  0:00  Drone  
  13  0:12  Overlord  
  13  0:16  Drone  
  14  0:30  Drone  
  14  0:31  Drone  
  16  0:40  Spawning Pool  
  15  0:43  Drone  
  15  0:48  Drone  
  17  1:08  Hatchery  
  16  1:11  Drone  
  17  1:27  Zergling x4  
  17  1:28  Zergling x2  
  17  1:30  Queen  
  17  1:32  Extractor  
  21  1:41  Overlord  
  21  1:51  Drone  
  22  2:00  Drone  
  23  2:06  Queen  
  25  2:12  Drone  
  26  2:19  Drone  
  27  2:26  Queen  
  27  2:27  Drone  
  30  2:33  Metabolic Boost  
  30  2:34  Drone x2  
  31  2:42  Drone  
  31  2:43  Drone x2  
  32  2:45  Drone  
  33  2:53  Drone x2  
  35  2:59  Overlord  
  35  3:09  Hatchery  
  34  3:14  Queen  
  34  3:17  Drone  
  34  3:18  Drone  
  38  3:21  Drone  
  38  3:22  Drone  
  38  3:24  Drone  
  38  3:26  Drone  
  42  3:29  Overlord  
  42  3:36  Overlord  
  42  3:37  Drone  
  42  3:38  Drone  
  44  3:44  Roach Warren  
  44  3:46  Zergling x2  
  44  3:50  Zergling x6  
  44  3:55  Overlord  
  47  4:00  Overlord  
  47  4:06  Drone x3, Extractor  
  47  4:08  Drone  
  50  4:16  Overlord  
  50  4:18  Overlord  
  50  4:22  Zergling x4  
  50  4:24  Drone  
  53  4:29  Roach x4  
  61  4:34  Roach x2  
  65  4:40  Roach  
  65  4:43  Roach  
  65  4:44  Roach x2  
  73  4:50  Queen, Overlord  
  73  4:52  Roach  
  77  4:55  Zergling x2  
  77  4:56  Zergling x2  
  77  4:59  Zergling x4  
  82  5:00  Zergling x2  
  82  5:05  Zergling x6  
  85  5:10  Zergling x2  
  85  5:11  Zergling x2  
  87  5:15  Ravager x2  
  87  5:19  Zergling x4  
  90  5:27  Ravager  
  93  5:28  Zergling x12  
  95  5:38  Ravager  
  95  5:42  Zergling x2  
  97  5:47  Overlord  
  92  6:02  Ravager  
Tags
 
Add a new tag
Caveats
  • Supply blocks, unpowered buildings, or Contaminate may cause inaccurate times.
  • Supply counts are checked every 10 seconds.